 Dungeon Crawl Stone Soup version 0.18.1-50-g88ac8fd (webtiles) character file.

105 simples the Chucker (level 4, -1/48 HPs)
             Began as an Ogre Hunter on Sept 30, 2016.
             Killed from afar by an orc wizard (3 damage)
             ... with a magic dart
             ... on level 2 of the Dungeon.
             The game lasted 00:05:16 (2054 turns).

simples the Chucker (Ogre Hunter)                   Turns: 2054, Time: 00:05:17

Health: -1/48      AC:  3    Str: 18    XL:     4   Next: 81%
Magic:  4/4        EV: 10    Int: 10    God:
Gold:   78         SH:  0    Dex: 10    Spells: 0 memorised, 3 levels left

rFire  . . .     SeeInvis .     h - +0 whip
rCold  . . .     Gourm    .     b - +0 robe
rNeg   . . .     Faith    .     (no shield)
rPois  .         Spirit   .     (helmet restricted)
rElec  .         Dismiss  .     (no cloak)
rCorr  .         Reflect  .     (gloves unavailable)
SustAt .         Harm     .     (boots unavailable)
MR     .....                    (no amulet)
Stlth  +.........               (no ring)
                                i - ring of flight

@: not resistant to hostile enchantments, very unstealthy
A: unfitting armour, tough skin 1
a: Evoke Flight


You were on level 2 of the Dungeon.
You were not hungry.

You visited 1 branch of the dungeon, and saw 3 of its levels.

You collected 78 gold pieces.

Inventory:

Hand Weapons
 h - a +0 whip (weapon)
Missiles
 e - 52 stones (quivered)
Armour
 b - a +0 robe (worn)
Jewellery
 i - a ring of flight (left hand)
Scrolls
 c - a scroll of amnesia
 m - 2 scrolls of noise
 p - a scroll of recharging
 q - a scroll of enchant armour {unknown}
Potions
 a - a potion of curing {unknown}
 k - a potion of ambrosia {unknown}
 o - a potion of heal wounds {unknown}
Comestibles
 d - 3 chunks of flesh
 f - 2 bread rations
 r - a slice of pizza


   Skills:
 + Level 3.8 Fighting
 * Level 3.1 Maces & Flails
 + Level 4.5 Throwing
 + Level 2.3 Dodging
 - Level 0.7 Stealth


You had 3 spell levels left.
You didn't know any spells.

Dungeon Overview and Level Annotations

Branches:
Dungeon (3/15)

Altars:
Pakellas


Innate Abilities, Weirdness & Mutations

You are too large for most types of armour.
You have tough skin (AC +1).


Message History

Okay, then.
Throwing (i - inventory):
e - 55 stones (quivered)
Press: ? - help, Shift-Dir - straight line, f/p - orc
Aim: an orc, wielding a club and wearing a chain mail (heavily wounded)
You throw a stone. The stone barely misses the orc.
Something hits you but does no damage.
Throwing (i - inventory):
e - 54 stones (quivered)
Press: ? - help, Shift-Dir - straight line, f/p - orc
Aim: an orc, wielding a club and wearing a chain mail (heavily wounded)
You throw a stone. Something hits you.
* * * LOW HITPOINT WARNING * * *
Throwing (i - inventory):
e - 53 stones (quivered)
Press: ? - help, Shift-Dir - straight line, f/p - orc
Aim: an orc, wielding a club and wearing a chain mail (heavily wounded)
You throw a stone. The stone hits the orc.
The orc is severely wounded.
You hear some strange, mumbled words.
A magic dart appears from out of thin air!
The magic dart hits you!
You die...

.....#.......# # .###.#.......# #
.###.........########### #
...............=(......# #
##########.#..##>####..##########
...# #.#..##(# #............ ##.#
#.#..##o# #...######### ##.###
#.#..##.# #...# # .....#
#.#..##@# #...#########
.###.#####[#.....# #............
.# #.......#..#### ###.#########
.###.#######..# #.#
..............#########.##
#############.)..........#
###########.## ###


You could see an orc.

Vanquished Creatures
  2 adders (D:2)
  An ooze (D:1)
  3 worms (D:2)
  2 dart slugs
  A giant gecko (D:1)
  3 orcs (D:2)
  3 giant cockroaches
  7 goblins
  8 hobgoblins
  7 jackals
  A quokka (D:2)
  8 bats
  10 giant newts (D:1)
  7 kobolds
  3 rats
66 creatures vanquished.

Vanquished Creatures (others)
  4 plants (D:1)
4 creatures vanquished.

Grand Total: 70 creatures vanquished

Notes
Turn   | Place    | Note
--------------------------------------------------------------
     0 | D:1      | simples the Ogre Hunter began the quest for the Orb.
     0 | D:1      | Reached XP level 1. HP: 22/22 MP: 1/1
   148 | D:1      | Reached XP level 2. HP: 31/31 MP: 2/2
   342 | D:1      | Reached skill level 1 in Maces & Flails
   376 | D:1      | Reached XP level 3. HP: 37/37 MP: 3/3
  1047 | D:2      | Reached XP level 4. HP: 45/45 MP: 4/4
  1501 | D:2      | Found a faded altar to an unknown god.
  1687 | D:2      | Found an oddly glowing altar of Pakellas.
  2051 | D:2      | HP: 1/48 [something (2)]
  2054 | D:2      | Killed from afar by an orc wizard

Skill      XL: |  1  2  3  4 |
---------------+-------------+-----
Fighting       | 3 |  3.8
Dodging        | 2 |  2.3
Maces & Flails | 1 2 3 |  3.1
Throwing       | |  4.5
Stealth        | |  0.7

Action                   |  1- 3 |  4- 6 || total
-------------------------+-------+-------++-------
Melee: Short sword       |    11 |       ||    11
       Whip              |    32 |    71 ||   103
Throw: Large rock        |    44 |    22 ||    66
       Stone             |    31 |    50 ||    81
       Throwing net      |    19 |    10 ||    29
  Use: Scroll            |       |     5 ||     5
 Stab: Sleeping          |     1 |       ||     1
       Held in net/web   |     1 |     1 ||     2
  Eat: Chunk             |       |     4 ||     4
Armor: Robe              |    27 |    30 ||    57
Dodge: Dodged            |    29 |    66 ||    95
